 Dungeon Crawl Stone Soup version 0.19.4-9-g45fd643 (webtiles) character file.

60 Heskey the Skirmisher (level 3, -13/45 HPs)
             Began as a Demonspawn Fighter on Feb 16, 2017.
             Killed from afar by a gnoll (22 damage)
             ... with an exploding inner flame
             ... hexed by the player character
             ... on level 2 of the Dungeon.
             The game lasted 00:02:33 (1370 turns).

Heskey the Skirmisher (Demonspawn Fighter)          Turns: 1370, Time: 00:02:34

Health: -13/45     AC: 11    Str: 22    XL:     3   Next: 82%
Magic:  3/3        EV:  5    Int:  9    God:
Gold:   80         SH:  9    Dex: 12    Spells: 0 memorised, 2 levels left

rFire  . . .     SeeInvis .     a - +0 war axe
rCold  . . .     Gourm    .     i - +0 chain mail
rNeg   . . .     Faith    .     c - +0 shield
rPois  .         Spirit   .     (helmet restricted)
rElec  .         Reflect  .     (no cloak)
rCorr  .         Harm     .     (no gloves)
MR     .....                    (no boots)
Stlth  ..........               (no amulet)
                                (no ring)
                                (no ring)

@: berserking, very quick
A: horns 1, iridescent scales 1
a: no special abilities


You were on level 2 of the Dungeon.
You were hungry.

You visited 1 branch of the dungeon, and saw 2 of its levels.

You collected 80 gold pieces.

Inventory:

Hand Weapons
 a - a +0 war axe (weapon)
Armour
 c - a +0 shield (worn)
 i - a +0 chain mail (worn)
Scrolls
 b - 2 scrolls of immolation
 h - 2 scrolls of identify
 j - a scroll of amnesia
Potions
 d - a potion of might
 e - a potion of berserk rage
 k - a potion of curing {unknown}
Comestibles
 f - 2 bread rations
 g - a fruit


   Skills:
 * Level 4.0 Fighting
 + Level 2.0 Axes
 + Level 3.2 Armour
 + Level 2.8 Shields


You had 2 spell levels left.
You didn't know any spells.

Dungeon Overview and Level Annotations

Branches:
Dungeon (2/15)

Altars:
Nemelex Xobeh
Zin


Innate Abilities, Weirdness & Mutations

You have a pair of small horns on your head.
You are partially covered in iridescent scales. (AC +2)


Message History

* * * LOW HITPOINT WARNING * * *
The gnoll hits you from afar with a spear.
* * * LOW HITPOINT WARNING * * *
A giant cockroach comes into view.
As you read the scroll labeled SUFIWI SELLO, it crumbles to dust.
The creatures around you are filled with an inner flame!
It was a scroll of immolation.
The gnoll hits you but does no damage.
As you read the scroll labeled FOASTA INLA, it crumbles to dust.
It is a scroll of identify.
j - a scroll of amnesia The gnoll hits you with a club.
* * * LOW HITPOINT WARNING * * *
You see here a club.
It was a potion of berserk rage.
A red film seems to cover your vision as you go berserk!
You feel yourself moving faster!
You feel mighty! The gnoll barely misses you.
You slash the gnoll!
The gnoll explodes!
The fiery explosion engulfs you!
You die...

###..############.#
#..# #.# #..# #.#
#..# ##.# #..# #..#
###..###########.##
.................#
###..#####.####..#
#..# #.# #§@# ###..#
#.# #.§# .....#
##.####§g###
####.####.#........#
#......(####..#.#
#.#####.# #..#s#
#.#####(####..#.#
#.............#s#
#######(#####.#.#


You could see a gnoll (inner flame).

Vanquished Creatures
  A gnoll (D:2)
  An adder (D:2)
  A worm (D:2)
  A dart slug (D:2)
  3 bats
  A giant cockroach (D:2)
  5 goblins
  5 hobgoblins (D:1)
  3 jackals (D:1)
  5 kobolds
  3 frilled lizards
  9 rats
38 creatures vanquished.

Notes
Turn   | Place    | Note
-------+----------+-------------------------------------------
     0 | D:1      | Heskey the Demonspawn Fighter began the quest for the Orb.
     0 | D:1      | Reached XP level 1. HP: 18/18 MP: 1/1
    64 | D:1      | Gained mutation: You are partially covered in iridescent scales. (AC +2) [demonic ancestry]
    64 | D:1      | Reached XP level 2. HP: 16/24 MP: 2/2
   814 | D:2      | Gained mutation: You have a pair of small horns on your head. [demonic ancestry]
   814 | D:2      | Reached XP level 3. HP: 30/30 MP: 3/3
   836 | D:2      | Found a glowing silver altar of Zin.
  1059 | D:2      | Found a sparkling altar of Nemelex Xobeh.
  1289 | D:2      | Reached skill level 4 in Fighting
  1370 | D:2      | Killed from afar by a gnoll

Skill      XL: |  1  2  3 |
---------------+----------+-----
Armour         | 3 |  3.2
Axes           | 2 |  2.0
Fighting       | 4 |  4.0
Shields        | |  2.8

Action                   || total
-------------------------++-------
Melee: War axe           ||   122
       Headbutt          ||     4
  Use: Scroll            ||     2
       Potion            ||     1
  Eat: Fruit             ||     1
Armor: Scale mail        ||    17
       Chain mail        ||    60
Dodge: Dodged            ||    21
Block: Shield            ||    59
